 Dungeon Crawl Stone Soup version 0.31-a0-1576-ga3383bade6 (webtiles) character file.

Game seed: 5186030762534135859

840 Flugslaktarn the Trooper (level 7, 0/66 HPs)
             Began as a Minotaur Fighter on Jan 4, 2024.
             Slain by a gnoll bouda
             ... wielding a +0 whip
              (11 damage)
             ... on level 5 of the Dungeon.
             The game lasted 00:01:38 (4057 turns).

Flugslaktarn the Trooper (Minotaur Fighter)         Turns: 4057, Time: 00:01:39

Health: 0/66       AC:  7    Str: 22    XL:     7   Next: 67%
Magic:  6/6        EV:  9    Int:  8    God:
Gold:   221        SH: 10    Dex: 13    Spells: 6/6 levels left

rFire   + + .        a - +0 war axe
rCold   . . .        c - +0 buckler
rNeg    . . .        b - +0 scale mail
rPois   .            (helmet restricted)
rElec   .            (no cloak)
rCorr   .            (no gloves)
SInv    .            (no boots)
Will    .....        e - amulet of reflection Stlth
                     k - ring "Faror" {Wiz rF+ Int+3 Dex+3}
HPRegen 0.31/turn    f - ring of protection from fire
MPRegen 0.10/turn

%: reflection, wizardry (x1)
@: weakened
A: horns 2, retaliatory headbutt
a: no special abilities


You were on level 5 of the Dungeon.
You visited 1 branch of the dungeon, and saw 5 of its levels.

You collected 221 gold pieces.

Inventory:

Hand Weapons
 a - a +0 war axe (weapon)
Armour
 b - a +0 scale mail (worn)
 c - a +0 buckler (worn)
Jewellery
 e - an amulet of reflection (around neck)
   (You took it off a kobold on level 1 of the Dungeon)
 f - a ring of protection from fire (right hand)
   (You found it on level 4 of the Dungeon)
 k - the ring "Faror" (left hand) {Wiz rF+ Int+3 Dex+3}
   (You found it on level 2 of the Dungeon)

   [ring of wizardry]

   Wiz:       It improves your spell success rate.
   Int+3:     It affects your intelligence (+3).
   Dex+3:     It affects your dexterity (+3).
   rF+:       It protects you from fire.
Wands
 j - a wand of paralysis (8)
   (You found it on level 2 of the Dungeon)
Scrolls
 h - a scroll of amnesia {unknown}
 l - a scroll of revelation {unknown}
 m - a scroll of poison {unknown}
 n - 4 scrolls of identify {unknown}
 p - a scroll of fog {unknown}
Potions
 d - a potion of might
 g - a potion of heal wounds {unknown}
 i - a potion of mutation {unknown}
 o - a potion of ambrosia {unknown}
 r - a potion of brilliance {unknown}


   Skills:
 * Level 7.1 Fighting
 * Level 6.4 Axes
 + Level 5.4 Armour
 + Level 5.5 Shields


You had 6 spell levels left.
You didn't know any spells.
Your spell library contained the following spells:

 Spells                   Type           Power      Damage    Failure   Level
 Static Discharge         Conj/Air       0%         3-3/arc   58%         2
 Airstrike                Air            0%         2d(0-16)  99%         4
 Summon Lightning Spire   Summ/Air       0%         N/A       99%         4


Dungeon Overview and Level Annotations

Branches:
Dungeon (5/15)
 Temple: D:4-7

Altars:
Qazlal

Annotations:
D:4 1 runed translucent door, Crazy Yiuf


Innate Abilities, Weirdness & Mutations

You have a pair of horns on your head.
You reflexively headbutt those who attack you in melee.


Message History

You kill the orc priest!
Your Fighting skill increases to level 7!
You start resting.
HP restored.
You see here a +0 dagger.
There is a stone staircase leading down here.
You climb downwards.
The gnoll hits you but does no damage.
The gnoll bouda barks out a call to the hunt!
The gnolls pick up the pace!
There is a stone staircase leading up here.
You slash the gnoll bouda!
The gnoll bouda is heavily wounded.
You closely miss the gnoll. The gnoll hits you with a +0 flail!
The gnoll bouda hits you with a +0 whip.
You block the gnoll's attack.
You hit the gnoll bouda.
The gnoll bouda is heavily wounded.
You barely miss the gnoll. You slash the gnoll! You block the gnoll's attack.
The gnoll barely misses you.
You closely miss the gnoll bouda.
The gnoll bouda is heavily wounded.
You slash the gnoll!
You kill the gnoll!
You slash the gnoll!
The gnoll hits you from afar with a +0 spear.
An orc comes into view. It is wielding a +0 hand axe.
You block the gnoll's attack. You block the gnoll bouda's attack.
You barely miss the gnoll bouda.
The gnoll bouda is heavily wounded.
You hit the gnoll. You slash the gnoll! The gnoll hits you but does no damage.
The gnoll hits you from afar with a +0 spear.
You block the gnoll's attack.
The gnoll bouda hits you with a +0 whip.
You block the gnoll's attack.
You hit the gnoll but do no damage.
The gnoll is almost dead.
You slash the gnoll!
You kill the gnoll!
You closely miss the gnoll bouda. You block the gnoll's attack.
The gnoll hits you with a +0 flail.
The gnoll bouda hits you with a +0 whip.
You closely miss the gnoll.
The gnoll is almost dead.
You slash the gnoll bouda! You hit the orc. You block the gnoll's attack.
You block the orc's attack. The gnoll hits you with a +0 flail.
The gnoll bouda prays to its god.
The gnoll bouda is healed somewhat.
The gnoll barely misses you. The orc hits you but does no damage.
You completely miss the gnoll.
The gnoll is almost dead.
You hit the gnoll bouda. You hit the orc.
You kill the orc!
The gnoll closely misses you. You block the gnoll bouda's attack.
You block the gnoll's attack. The gnoll hits you with a +0 flail.
The orc hits you with a +0 hand axe.
The gnoll bouda hits you with a +0 whip.
You are too injured to fight recklessly!
You completely miss the gnoll bouda.
The gnoll bouda is severely wounded.
You hit the gnoll but do no damage. You barely miss the orc.
You block the gnoll's attack. The gnoll hits you with a +0 flail.
* * * LOW HITPOINT WARNING * * *
You block the orc's attack.
The gnoll bouda hits you but does no damage.
You are too injured to fight recklessly!
You are too injured to fight recklessly!
You are too injured to fight recklessly!
You are too injured to fight recklessly!
You hit the gnoll bouda but do no damage.
The gnoll bouda is severely wounded.
You barely miss the gnoll. You hit the orc.
The gnoll hits you but does no damage. You block the orc's attack.
You block the gnoll's attack.
The gnoll bouda calls upon its god to heal the gnoll.
The gnoll is healed somewhat.
You closely miss the gnoll bouda.
The gnoll bouda is severely wounded.
You barely miss the orc. You hit the gnoll. You block the gnoll's attack.
The gnoll hits you with a +0 flail.
* * * LOW HITPOINT WARNING * * *
You block the orc's attack.
The gnoll bouda hits you with a +0 whip.
* * * LOW HITPOINT WARNING * * *
You hit the gnoll.
You kill the gnoll!
You hit the gnoll bouda but do no damage.
You hit the orc.
The gnoll hits you from afar with a +0 spear.
* * * LOW HITPOINT WARNING * * *
The orc hits you with a +0 hand axe.
* * * LOW HITPOINT WARNING * * *
The gnoll bouda closely misses you. You block the gnoll's attack.
You feel better. You block the orc's attack.
The gnoll bouda gazes fiercely through you!
You feel your attacks grow feeble. The gnoll bouda closely misses you.
You block the gnoll's attack.
Okay, then.
You block the orc's attack.
The gnoll bouda hits you with a +0 whip!
You die...

.#
###########..#
........g.>..#
#######go.#
......)@###
####...##
#..## #.. #.
#. .


You could see a gnoll bouda, a gnoll (swift) and an orc.

Vanquished Creatures
  Sigmund (D:2)
  Edmund (D:4)
  Pargi (D:4)
  A bombardier beetle (D:4)
  An orc priest (D:4)
  An iguana (D:4)
  2 orc wizards (D:4)
  Ijyb (D:3)
  Robin (D:3)
  7 gnolls
  13 adders
  A dart slug (D:2)
  7 orcs
  3 ball pythons
  10 endoplasms
  19 goblins
  9 hobgoblins
  8 jackals
  5 kobolds
  4 quokkas
  3 bats
  5 frilled lizards
  A rat (D:2)
105 creatures vanquished.

Notes
Turn   | Place    | Note
-------+----------+-------------------------------------------
     0 | D:1      | Flugslaktarn the Minotaur Fighter began the quest for the
                  | Orb.
     0 | D:1      | Reached XP level 1. HP: 19/19 MP: 0/0
   229 | D:1      | Reached XP level 2. HP: 27/27 MP: 1/1
   295 | D:1      | Reached skill level 4 in Fighting
   787 | D:2      | Reached XP level 3. HP: 23/33 MP: 2/2
   931 | D:2      | Identified the ring "Faror" {Wiz rF+ Int+3 Dex+3}
   951 | D:2      | Noticed Sigmund
   966 | D:2      | Killed Sigmund
   967 | D:2      | Reached skill level 5 in Fighting
   967 | D:2      | Reached XP level 4. HP: 10/42 MP: 3/3
   967 | D:2      | Reached XP level 5. HP: 11/48 MP: 4/4
  2004 | D:3      | Found a stormy altar of Qazlal.
  2014 | D:3      | Reached XP level 6. HP: 56/56 MP: 5/5
  2052 | D:3      | Noticed Ijyb
  2064 | D:3      | Killed Ijyb
  2065 | D:3      | Reached skill level 5 in Axes
  2124 | D:3      | Identified the +12 whip "Boapsez" {freeze, SInv}
  2187 | D:3      | Noticed Robin
  2194 | D:3      | Killed Robin
  2723 | D:4      | Reached skill level 6 in Fighting
  2723 | D:4      | Reached skill level 5 in Shields
  2928 | D:4      | Reached skill level 5 in Armour
  3027 | D:4      | Reached XP level 7. HP: 63/63 MP: 6/6
  3081 | D:4      | Noticed Pargi
  3099 | D:4      | Killed Pargi
  3324 | D:4      | Noticed Edmund
  3331 | D:4      | Killed Edmund
  3470 | D:4      | Found a runed translucent door.
  3471 | D:4      | Noticed Crazy Yiuf
  3857 | D:5      | Entered Level 5 of the Dungeon
  3872 | D:4      | Reached skill level 7 in Fighting
  4055 | D:5      | HP: 2/66 [orc/+0 hand axe (5)]
  4057 | D:5      | Slain by a gnoll bouda

Illustrated notes

Levels and vault maps discovered:
D:1:      saegor_arrival_simple_b, layout_loops_ring, grunt_decor_clamped
D:2:      layout_loops_ring, serial_co_window_serial, co_window_cross_1,
          co_window_of_opportunity_a, co_window_paths_a, co_window_paths_a,
          co_window_paths_a, co_window_unsneaky_path_a, co_window_corner_ca,
          co_window_corner_b, co_window_paths_c, co_window_unsneaky_path_b,
          co_window_corner_cb, co_window_corner_b, co_window_paths_d,
          co_window_4corner_a, glass_columns_a, glass_columns_a,
          glass_columns_c, glass_columns_a, uniq_sigmund
D:3:      layout_basic, lemuel_crystal_altar, serial_park_tiny_1,
          minmay_crystal_room, minmay_misc_feat_rugged, uniq_robin, uniq_ijyb
D:4:      layout_layer_cave, minmay_starry_boxes, uniq_edmund, uniq_pargi,
          uniq_crazy_yiuf_cottage
D:5:      layout_basic, lemuel_zombie_altar_kikubaaqudgha,
          nicolae_ru_path_of_blood, temple_hall, minmay_misc_feat_nine_boxes,
          minmay_tree_intersection, kennysheep_boxes

Skill      XL: |  1  2  3  4  5  6  7 |
---------------+----------------------+-----
Fighting       | 4 5 6 7 |  7.1
Axes           | 3 4 5 6 |  6.4
Armour         | 4 5 |  5.4
Shields        | 4 5 |  5.5

Action                     |  1- 3 |  4- 6 |  7- 9 || total
---------------------------+-------+-------+-------++-------
  Melee: War axe           |    63 |   145 |    46 ||   254
         Headbutt          |     8 |    20 |    10 ||    38
    Use: Potion            |     1 |     1 |     1 ||     3
 Armour: Scale mail        |    40 |   128 |    52 ||   220
  Dodge: Dodged            |    34 |    63 |    31 ||   128
  Block: Buckler           |    12 |    47 |    36 ||    95

Table legend: (Time is in decaauts)
 A = Elapsed time spent in this place.
 B = Non-inter-level travel time spent in this place.
 C = Inter-level travel time spent in this place.
 D = Time resting spent in this place.
 E = Time spent auto-exploring this place.
 F = Levels seen in this place.
 G = Mean time per level.
                   A        B        C        D        E       F      G
               +--------+--------+--------+--------+--------+-----+--------+
         Total |   4130 |   4006 |    124 |    454 |   2957 |   5 |  826.0 |
       Dungeon |   4130 |   4006 |    124 |    454 |   2957 |   5 |  826.0 |
               +--------+--------+--------+--------+--------+-----+--------+

Top non-repeatable levels by time:
     D:4: 1672 daAuts
     D:2: 1234 daAuts
     D:1: 709 daAuts
     D:3: 493 daAuts
     D:5: 20 daAuts
